 Dungeon Crawl Stone Soup version 0.29-a0-575-g0dc89cf053 (webtiles) character file.

Game seed: 4736948785626591050

60 Flugkiller the Skirmisher (level 4, 0/42 HPs)
             Began as a Meteoran Chaos Knight on June 12, 2022.
             Was a Plaything of Xom.
             Slain by an orc wizard
             ... wielding a +0 dagger
              (3 damage)
             ... on level 4 of the Dungeon.
             The game lasted 00:02:59 (681 turns).

Flugkiller the Skirmisher (Meteoran Chaos Knight)    Turns: 681, Time: 00:02:59

Health: 0/42       AC:  7    Str: 15    XL:     4   Next: 50%
Magic:  5/5        EV: 11    Int: 13    God:    Xom [..*...]
Gold:   80         SH:  0    Dex: 14    Spells: 3/3 levels left

rFire   . . .      SeeInvis .   a - +0 hand axe (chaos)
rCold   . . .      Faith    .   (no shield)
rNeg    . . .      Spirit   .   b - +2 leather armour
rPois   .          Reflect  .   (no helmet)
rElec   .          Harm     .   (no cloak)
rCorr   .          Rampage  .   h - +1 pair of gloves
Will    .....                   (no boots)
Stlth   +.........              (no amulet)
HPRegen 0.14/turn               (no ring)
MPRegen 0.09/turn               (no ring)

@: glowing
A: sense surroundings 1, otherworldly, glowing, explore regen
a: Renounce Religion


You were on level 4 of the Dungeon.
You worshipped Xom.
You were a toy of Xom.
You visited 1 branch of the dungeon, and saw 4 of its levels.

You collected 80 gold pieces.

Inventory:

Hand Weapons
 a - a +0 hand axe of chaos (weapon)
Armour
 b - a +2 leather armour (worn)
 h - a +1 pair of gloves (worn)
   (You found it on level 3 of the Dungeon)
Scrolls
 e - a scroll of fog {unknown}
 f - a scroll of noise {unknown}
 g - a scroll of identify {unknown}
Potions
 d - 2 potions of curing {unknown}
Miscellaneous
 c - a piece from Xom's chessboard (15/15) (quivered)


   Skills:
 + Level 5.3 Fighting
 - Level 3.6 Axes
 - Level 2.4 Armour
 - Level 1.2 Dodging


You had 3 spell levels left.
You didn't know any spells.
Your spell library was empty.

Dungeon Overview and Level Annotations

Branches:
Dungeon (4/15)
 Temple: D:4-7

Altars:


Innate Abilities, Weirdness & Mutations

You passively map a small area around you.
You are easily found by Zot.
You glow in the dark.
You regain HP and MP as you explore.


Message History

There is a stone staircase leading down here.
You climb downwards.
You hear the hiss of flowing sand.
There is an entrance to an ossuary on this level.
Hurry and find it before the portal is buried!
You hear the slow hiss of a distant avalanche of sand. "Let's try an experiment, hmmm?"
Your scroll labelled HIOSTA VUFARODODU falls out of your pack, then immediately jumps back in!
The orc wizard casts a spell at you.
You are confused.
There is a stone staircase leading up here.
You are too confused!
You are too confused!
You are too confused!
You are too confused!
You are too confused!
You hit the orc wizard.
Lightning courses through the orc wizard!
The orc wizard is almost dead.
You hit the orc wizard but do no damage.
You drain the orc wizard.
The orc wizard hits you but does no damage.
The orc wizard points at you and mumbles some strange words.
The magic dart hits you.
You're too confused to move!
The orc wizard gestures at you while chanting.
You resist with some effort. The orc wizard misses you.
You're too confused to move!
The orc wizard closely misses you.
The orc wizard hits you with a +0 dagger. x2
You're too confused to move!
The orc barely misses you.
The orc wizard hits you but does no damage.
The orc wizard barely misses you.
The orc wizard hits you but does no damage.
The orc closely misses you.
You bump into the rock wall.
You feel less confused. The orc hits you but does no damage.
The orc wizard barely misses you. x2
The orc barely misses you. The orc wizard closely misses you.
You hit the orc wizard but do no damage.
The orc wizard is poisoned.
You barely miss the orc wizard. You closely miss the orc wizard.
You hit the orc.
You feel better.
You hit the orc. The orc hits you with a +0 mace! The orc closely misses you.
The orc wizard barely misses you. x2
The orc wizard hits you but does no damage.
You hit the orc wizard.
The orc wizard is moderately wounded.
You barely miss the orc. You hit the orc. You closely miss the orc wizard.
You miss the orc wizard. The orc barely misses you.
The orc hits you with a +0 flail.
The orc wizard hits you but does no damage.
The orc wizard hits you with a +0 dagger. x2
The orc wizard hits you but does no damage.
The orc wizard closely misses you. The orc hits you with a +0 mace.
The orc hits you with a +0 flail. The orc wizard closely misses you.
You are too injured to fight recklessly!
You closely miss the orc wizard.
The orc wizard is moderately wounded.
You hit the orc. You burn the orc.
You kill the orc!
You hit the orc. You freeze the orc.
You kill the orc!
You hit the orc wizard. You freeze the orc wizard.
You kill the orc wizard!
You hit the orc wizard but do no damage.
The orc wizard hits you with a +0 dagger.
The orc wizard gestures at you while chanting.
The magic dart hits you but does no damage.
Your Fighting skill increases to level 5!
You have reached level 4!
You barely miss the orc wizard.
The orc wizard is moderately wounded.
You hit the orc wizard but do no damage.
The orc wizard casts a spell at you. The magic dart hits you.
* * * LOW HITPOINT WARNING * * *
The orc wizard barely misses you.
Unknown command.
You hit the orc wizard but do no damage.
The orc wizard is moderately wounded.
You closely miss the orc wizard.
The orc wizard casts a spell.
The orc wizard flickers and vanishes!
Deactivating autopickup; reactivate with Ctrl-A.
The orc wizard hits you with a +0 dagger.
* * * LOW HITPOINT WARNING * * *
Unknown command.
You hit the orc wizard.
The orc wizard is heavily wounded.
You miss something.
The orc wizard blinks!
Something hits you.
* * * LOW HITPOINT WARNING * * *
Unknown command.
You hit something but do no damage. Your punch misses something.
Something hits you but does no damage.
Unknown command.
You closely miss the orc wizard.
The orc wizard is severely wounded.
You closely miss something.
The orc wizard casts a spell.
The orc wizard flickers and vanishes!
Something hits you.
You die... "It was about time."

......# ,
.....# , ,
.....# ,+ ..
,....# *, ...
#...# ,
....###...## ,
...........#
.......{<).#
,,.......{@).#
* .##..###+###
* ## ,,, , , ,
*,, , , , * ,
, , ,* , , , ,
, ≈ * *


There were no monsters in sight!

Vanquished Creatures
  An orc wizard (D:4)
  2 adders
  A dart slug (D:2)
  2 orcs (D:4)
  An endoplasm (D:3)
  A goblin (D:2)
  A kobold (D:2)
  A quokka (D:1)
  2 ball pythons (D:1)
  2 bats
14 creatures vanquished.

Notes
Turn   | Place    | Note
-------+----------+-------------------------------------------
     0 | D:1      | Flugkiller the Meteoran Chaos Knight began the quest for
                  | the Orb.
     0 | D:1      | Reached XP level 1. HP: 19/19 MP: 2/2
    25 | D:1      | XOM: divination: detect items
   175 | D:2      | XOM: silly message
   179 | D:2      | Reached skill level 4 in Fighting
   179 | D:2      | Reached XP level 2. HP: 25/27 MP: 3/3
   206 | D:2      | Reached XP level 3. HP: 22/33 MP: 4/4
   411 | D:2      | Found a faded altar of an unknown god.
   666 | D:4      | XOM: silly message
   677 | D:4      | Reached skill level 5 in Fighting
   677 | D:4      | Reached XP level 4. HP: 14/42 MP: 5/5
   681 | D:4      | Slain by an orc wizard

Illustrated notes

Levels and vault maps discovered:
D:1:      nagdon_arrival_double_spiral, layout_loops_corners,
          minmay_stone_trees_small, minmay_tromino_v2
D:2:      layout_loops_ring, ebering_ecumenical_altar_mist,
          kennysheep_generic_room_14
D:3:      layout_basic
D:4:      layout_gridville, lemuel_mausoleum_altar_kikubaaqudgha,
          nicolae_hepliaklqana_monster_ancestors,
          chequers_temple_overflow_statue_of_worship, enter_ossuary_4,
          uniq_duvessa, uniq_blork_the_orc

Skill      XL: |  1  2  3 |
---------------+----------+-----
Fighting       | 4 5 |  5.3
Axes           | |  3.6
Armour         | |  2.4
Dodging        | |  1.2

Action                   |  1- 3 |  4- 6 || total
-------------------------+-------+-------++-------
Melee: Hand axe          |    40 |     5 ||    45
Armor: Leather armour    |    35 |     1 ||    36
Dodge: Dodged            |    34 |     1 ||    35

Table legend: (Time is in decaauts)
 A = Elapsed time spent in this place.
 B = Non-inter-level travel time spent in this place.
 C = Inter-level travel time spent in this place.
 D = Time resting spent in this place.
 E = Time spent auto-exploring this place.
 F = Levels seen in this place.
 G = Mean time per level.
                   A        B        C        D        E       F      G
               +--------+--------+--------+--------+--------+-----+--------+
         Total |    686 |    675 |     11 |      0 |      0 |   4 |  171.5 |
       Dungeon |    686 |    675 |     11 |      0 |      0 |   4 |  171.5 |
               +--------+--------+--------+--------+--------+-----+--------+

Top non-repeatable levels by time:
     D:3: 244 daAuts
     D:1: 233 daAuts
     D:2: 189 daAuts
     D:4: 20 daAuts
